 Dungeon Crawl Stone Soup version 0.28.0-1-gb440e238dd (webtiles) character file.

Game seed: 6014184221544089310

37 RascalDebosk the Shield-Bearer (level 3, -5/33 HPs)
             Began as a Minotaur Fighter on Feb 27, 2022.
             Slain by a gnoll (7 damage)
             ... on level 1 of the Dungeon.
             The game lasted 00:08:11 (1082 turns).

RascalDebosk the Shield-Bearer (Minotaur Fighter)   Turns: 1082, Time: 00:08:12

Health: -5/33      AC:  7    Str: 22    XL:     3   Next: 23%
Magic:  2/2        EV:  8    Int:  5    God:
Gold:   41         SH:  8    Dex:  9    Spells: 2/2 levels left

rFire   . . .      SeeInvis .   a - +0 war axe
rCold   . . .      Faith    .   e - +0 kite shield
rNeg    . . .      Spirit   .   b - +0 scale mail
rPois   .          Reflect  .   (helmet restricted)
rElec   .          Harm     .   (no cloak)
rCorr   .          Rampage  .   (no gloves)
Will    .....                   (no boots)
Stlth   ..........              (no amulet)
HPRegen 0.11/turn               (no ring)
MPRegen 0.08/turn               (no ring)

@: no status effects
A: horns 2, retaliatory headbutt
a: no special abilities


You were on level 1 of the Dungeon.
You visited 1 branch of the dungeon, and saw 2 of its levels.

You collected 41 gold pieces.

Inventory:

Hand Weapons
 a - a +0 war axe (weapon)
Missiles
 f - 17 stones (quivered)
Armour
 b - a +0 scale mail (worn)
 c - a +0 buckler
 e - a +0 kite shield (worn)
Jewellery
 g - an amulet of faith
Scrolls
 i - a scroll of identify {unknown}
Potions
 d - a potion of might
 h - a potion of haste {unknown}
 j - a potion of curing {unknown}


   Skills:
 + Level 4.0 Fighting
 + Level 3.0 Axes
 + Level 4.0 Armour
 + Level 1.0 Dodging
 + Level 4.0 Shields


You had 2 spell levels left.
You didn't know any spells.
Your spell library was empty.

Dungeon Overview and Level Annotations

Branches:
Dungeon (2/15)

Altars:


Innate Abilities, Weirdness & Mutations

You have a pair of horns on your head.
You reflexively headbutt those who attack you in melee.


Message History

A quokka comes into view.
The dart slug launches a dart at you. The slug dart misses you.
A gnoll comes into view. It is wielding a +0 halberd.
An endoplasm comes into view.
You block the gnoll's attack.
A gnoll comes into view. It is wielding a +1 vorpal halberd.
The quokka moves out of view.
You completely miss the gnoll. The gnoll hits you with a +0 halberd!
You hit the gnoll.
The gnoll is heavily wounded.
The endoplasm jiggles.
The dart slug launches a dart at you. The slug dart misses you.
The gnoll hits you but does no damage. The gnoll hits you with a +0 halberd!
You hit the gnoll but do no damage. Your headbutt misses the gnoll.
The gnoll is heavily wounded.
The gnoll barely misses you. You block the gnoll's attack.
The dart slug launches a dart at you. The slug dart misses you.
The gnoll hits you with a +0 halberd.
* * * LOW HITPOINT WARNING * * *
The gnoll hits you from afar with a +0 spear.
* * * LOW HITPOINT WARNING * * *
The gnoll hits you but does no damage.
There is a stone staircase leading up here.
The dart slug launches a dart at you.
The slug dart hits you but does no damage.
The gnoll hits you but does no damage.
The gnoll hits you from afar with a +0 halberd.
* * * LOW HITPOINT WARNING * * *
You block the gnoll's attack.
You climb upwards.
There is a stone staircase leading down here.
You barely miss the gnoll. Your headbutt misses the gnoll.
The gnoll is heavily wounded.
You block the gnoll's attack.
You barely miss the gnoll. You headbutt the gnoll.
The gnoll is severely wounded.
You block the gnoll's attack. The gnoll hits you with a +0 halberd!
You die...

........###...#.# #.....
........# #...#.######### ##.....
........# #...#.........###......
........# #...#..........#.......
........# #...#..........#.......
........###...##.........#.......
######...##...##.........#.......
#...........#########'###.......
#...........##.@)...............
#...........##)g...(....##......
#...........##..........##......
#####...######..........##......
###...# #..........#####...
#.....# #..........# #..# #.....#
#..........# #..# #.....#
################...
#.....######### #........#...


You could see a gnoll.

Vanquished Creatures
  2 gnolls (D:1)
  A dart slug (D:1)
  3 endoplasms (D:1)
  A giant cockroach (D:1)
  A hobgoblin (D:1)
  A kobold (D:1)
  4 ball pythons (D:1)
  2 goblins (D:1)
  A rat (D:1)
16 creatures vanquished.

Notes
Turn   | Place    | Note
-------+----------+-------------------------------------------
     0 | D:1      | RascalDebosk the Minotaur Fighter began the quest for the
                  | Orb.
     0 | D:1      | Reached XP level 1. HP: 19/19 MP: 0/0
   399 | D:1      | Found a faded altar of an unknown god.
   417 | D:1      | Reached XP level 2. HP: 23/27 MP: 1/1
   963 | D:1      | Reached skill level 1 in Dodging
   963 | D:1      | Reached XP level 3. HP: 21/33 MP: 2/2
  1082 | D:1      | Slain by a gnoll

Illustrated notes

Levels and vault maps discovered:
D:1:      lightli_iron_boxes, layout_basic, nicolae_ecumenical_snake_handling,
          wad_floor_pattern_untrapped
D:2:      layout_loops_ring, serial_shops, shop_statue, uniq_jessica

Skill      XL: |  1  2 |
---------------+-------+-----
Fighting       | 4 |  4.0
Shields        | 4 |  4.0
Axes           | 3 |  3.0
Armour         | 4 |  4.0
Dodging        | 1 |  1.0

Action                   || total
-------------------------++-------
Melee: War axe           ||    50
       Headbutt          ||     7
Throw: Stone             ||     6
Armor: Scale mail        ||    25
Dodge: Dodged            ||    22
Block: Kite shield       ||    19
       Buckler           ||     2
